 Dungeon Crawl Stone Soup version 0.32-a0-673-g3729bd50f8 (webtiles) character file.

Game seed: 4925310609662153734

364 dolemite99 the Ruffian (level 6, -1/46 HPs)
             Began as a Merfolk Shapeshifter on Mar 11, 2024.
             Was a Follower of Makhleb.
             Killed from afar by Sigmund (10 damage)
             ... with a puff of flame
             ... on level 3 of the Dungeon.
             The game lasted 00:03:34 (3838 turns).

dolemite99 the Ruffian (Merfolk Shapeshifter)       Turns: 3838, Time: 00:03:35

Health: -1/46      AC:  2    Str: 15 (16) XL:     6   Next: 67%
Magic:  6/6        EV: 12    Int:  8 (9)  God:    Makhleb [*.....]
Gold:   180        SH:  0    Dex: 11 (14) Spells: 5/5 levels left

rFire   . .          .
                       - Unarmed
rCold   . . .        (no shield)
rNeg    . . .        a - +0 animal skin
rPois   .            (helmet currently unavailable)
rElec   .            (cloak currently unavailable)
rCorr   .            (gloves currently unavailable)
SInv    .            (boots currently unavailable)
Will    .....        (no amulet)
Stlth   +            (no ring)
HPRegen 0.27/turn    (no ring)
MPRegen 0.10/turn

%: no passive effects
@: beast-form
A: beast (slay +3), (nimble swimmer 2), mertail
a: Begin Untransformation, Renounce Religion


You were on level 3 of the Dungeon.
You worshipped Makhleb.
Makhleb was aware of your devotion.
You were a hulking beast.
You visited 1 branch of the dungeon, and saw 3 of its levels.

You collected 180 gold pieces.

Inventory:

Armour
 a - a +0 animal skin (worn)
 e - a +0 pair of gloves
 j - an orb of guile
Jewellery
 l - an amulet of reflection
Talismans
 c - a beast talisman (active)
 d - a flux talisman
 g - a maw talisman
Scrolls
 b - a scroll of enchant weapon
 i - a scroll of identify {@r1}
Potions
 f - a potion of degeneration


   Skills:
 - Level 2.9 Fighting
 - Level 2.6 Dodging
 + Level 6.2 Unarmed Combat
 * Level 5.8 Shapeshifting


You had 5 spell levels left.
You didn't know any spells.
Your spell library contained the following spells:

 Spells                   Type           Power      Damage    Failure   Level
 Sculpt Simulacrum        Ice/Alch       0%         N/A       100%        6
 Ozocubu's Refrigeration  Ice            0%         4d7       100%        7
 Polar Vortex             Ice            0%         N/A       100%        9


Dungeon Overview and Level Annotations

Branches:
Dungeon (3/15)

Altars:
Cheibriados
Makhleb

Annotations:
D:3 Sigmund


Innate Abilities, Weirdness & Mutations

You are a hulking beast.
Your limbs bulge with bestial killing power. (Slay +3)
((You are very nimble when in or above water. (Stealth+, EV+, Speed+++)))
Your lower body shifts to a powerful aquatic tail in water.


Message History

A dart slug is nearby!
A dart slug is nearby!
Found 29 gold pieces.
The dart slug launches a dart at you. The slug dart hits you.
Found a snail-covered altar of Cheibriados.
The dart slug launches a dart at you. The slug dart misses you.
You see here 17 gold pieces.
You now have 168 gold pieces (gained 17).
You now have 180 gold pieces (gained 12).
There are no items here.
There are no items here.
Sigmund shouts!
Sigmund hits you with a +0 scythe!
You hit Sigmund but do no damage.
Sigmund mumbles some strange words.
Sigmund flickers and vanishes!
Deactivating autopickup; reactivate with Ctrl-A.
Okay, then.
Okay, then.
Something hits you. Something hits you. Something hits you!
A puff of flame appears from out of thin air!
The puff of flame hits you!
* * * LOW HITPOINT WARNING * * *
Okay, then.
As you read the scroll labelled BIEPAMN IMEFO, it crumbles to dust.
It is a scroll of identify.
b - a scroll of enchant weapon You hear some strange, mumbled words.
Something tries to affect you, but you resist.
A magic dart appears from out of thin air!
The magic dart hits you.
* * * LOW HITPOINT WARNING * * *
Something tries to affect you, but you resist.
A puff of flame appears from out of thin air!
The puff of flame hits you!
You die...

#.# #.## .# ##.# # #######.# #.#
##.## #..# # ..........####.##
#...## ##.# # g............)..#
#.PP.# #.# # g# #####..####.##
#....# #.# # .# ####..# #..#
#....## #.# # (# #.....# ####
#....####.#### .####.###.#
#######...##.......
..##...##†#####>h...#..###.......
.....#.................#.........
..##...#..............{..#.......
.####.##..#####.#.#.#..###.......
.###...#..### #.....#........####
............# ########.####### #
####...#.##.# #.# #...#.##.# #.#
#.....##.# #.#


There were no monsters in sight!

Vanquished Creatures
  Grinder (D:3)
  A bombardier beetle (D:3)
  Jessica (D:3)
  2 gnolls (D:3)
  2 adders (D:2)
  3 dart slugs
  5 orcs (D:3)
  4 ball pythons
  8 bats
  3 endoplasms
  5 giant cockroaches
  4 goblins
  8 hobgoblins
  3 quokkas
  A frilled lizard (D:3)
  3 kobolds
  3 rats
57 creatures vanquished.

Notes
Turn   | Place    | Note
-------+----------+-------------------------------------------
     0 | D:1      | dolemite99 the Merfolk Shapeshifter began the quest for the
                  | Orb.
     0 | D:1      | Reached XP level 1. HP: 15/15 MP: 1/1
   267 | D:1      | Reached XP level 2. HP: 21/21 MP: 2/2
   803 | D:1      | Reached skill level 5 in Shapeshifting
  1237 | D:2      | Found a burning altar of Makhleb.
  1276 | D:2      | Became a worshipper of Makhleb the Destroyer
  1343 | D:2      | Reached XP level 3. HP: 25/26 MP: 3/3
  2080 | D:2      | Reached XP level 4. HP: 17/32 MP: 4/4
  2723 | D:3      | Noticed Grinder
  2739 | D:3      | Paralysed by Grinder for 5 turns
  2746 | D:3      | Killed Grinder
  2747 | D:3      | Reached skill level 6 in Unarmed Combat
  2747 | D:3      | Reached XP level 5. HP: 37/37 MP: 5/5
  2747 | D:3      | Reached XP level 6. HP: 43/43 MP: 6/6
  3031 | D:3      | Noticed Sigmund
  3732 | D:3      | Noticed Jessica
  3734 | D:3      | Killed Jessica
  3783 | D:3      | Reached * piety under Makhleb
  3791 | D:3      | Found a snail-covered altar of Cheibriados.
  3838 | D:3      | Killed from afar by Sigmund

Illustrated notes

Levels and vault maps discovered:
D:1:      heliophobic_arrival_battle_scene, layout_basic
D:2:      minmay_skewed_foursquare, layout_basic, basic_altar,
          grunt_decor_resistance
D:3:      layout_loops_ring, kennysheep_slug_shrine, uniq_sigmund, uniq_grinder,
          uniq_jessica, uniq_crazy_yiuf_cottage

Skill      XL: |  1  2  3  4  5  6 |
---------------+-------------------+-----
Shapeshifting  | 5 |  5.8
Unarmed Combat | 6 |  6.2
Fighting       | 2 |  2.9
Dodging        | |  2.6

Action                     |  1- 3 |  4- 6 || total
---------------------------+-------+-------++-------
  Melee: Unarmed           |    87 |    47 ||   134
         Punch             |     4 |     2 ||     6
    Use: Scroll            |     5 |     1 ||     6
         Potion            |       |     5 ||     5
   Stab: Sleeping          |     1 |     1 ||     2
 Armour: Animal skin       |    59 |    17 ||    76
         Skin              |       |    13 ||    13
  Dodge: Dodged            |    58 |    26 ||    84

Table legend: (Time is in decaauts)
 A = Elapsed time spent in this place.
 B = Non-inter-level travel time spent in this place.
 C = Inter-level travel time spent in this place.
 D = Time resting spent in this place.
 E = Time spent auto-exploring this place.
 F = Levels seen in this place.
 G = Mean time per level.
                   A        B        C        D        E       F      G
               +--------+--------+--------+--------+--------+-----+--------+
         Total |   3827 |   3721 |    106 |   1484 |   1621 |   3 | 1275.7 |
       Dungeon |   3827 |   3721 |    106 |   1484 |   1621 |   3 | 1275.7 |
               +--------+--------+--------+--------+--------+-----+--------+

Top non-repeatable levels by time:
     D:2: 1470 daAuts
     D:1: 1234 daAuts
     D:3: 1122 daAuts
